cohdb
Replays
Latest Replays
All Replays
Popular Replays
Top Player Replays
Match Explorer
How It Works
Community
CoH3 Stats
Reddit
Sign in to upload your games and track your stats! →
Sign in with Steam
Match 42174726
Unlisted
Match 42174726
Overview
Messages
Build Orders
End
Construct Infanterie Kompanie
MG 42 Machine Gun Team
MG 42 Machine Gun Team
GrW 34 Mortar Team
GrW 34 Mortar Team
Construct Panzergrenadier Kompanie
Pak 40 Anti-tank Gun Team
Support Elements
Medical Station
Nebelwerfer 42 Rocket Launcher Team
MG 42 Machine Gun Team
Pak 40 Anti-tank Gun Team
Pioneer Squad
Selects Breakthrough Battlegroup
Selects Assault Grenadiers
Selects Smoke Bombing Run
Selects Incendiary Bombing Run
Incendiary Bombing Run
Pak 40 Anti-tank Gun Team
Smoke Bombing Run
Construct Luftwaffe Kompanie
Infanterie Officer Quarters
Selects 2.5-tonne Cargo Truck
2.5-tonne Cargo Truck
Wittman
MZMZ
jerjawe
Synthsere
Neon-Reactionary
Kamfrenchie
0
0
Comments
sign in to comment!
No comments posted yet!